 Dungeon Crawl Stone Soup version 0.31-a0-700-gf13585253f (webtiles) character file.

Game seed: 11502579059335509430

2931 qw the Skirmisher (level 9, -1/57 HPs)
             Began as a Gargoyle Hunter on Sept 7, 2023.
             Was an Initiate of Okawaru.
             Slain by a gargoyle
             ... wielding a +1 mace of holy wrath
              (14 damage)
             ... on level 7 of the Dungeon.
             The game lasted 00:02:51 (6151 turns).

qw the Skirmisher (Gargoyle Hunter)                 Turns: 6151, Time: 00:02:52

Health: -1/57      AC: 19    Str: 19    XL:     9   Next: 79%
Magic:  10/12      EV: 14    Int:  9    God:    Okawaru [......]
Gold:   365        SH:  0    Dex: 16    Spells: 8/8 levels left

rFire   . . .        k - +0 orcbow
rCold   . . .        (shield currently unavailable)
rNeg    + . .        n - +0 ring mail
rPois   inf          f - +0 helmet
rElec   +            i - +0 cloak
rCorr   .            o - +0 pair of gloves
SInv    .            c - +0 pair of boots
Will    .....        j - amulet of the acrobat
Stlth   +++          g - +4 ring of slaying {mikee}
HPRegen 0.29/turn    (no ring)
MPRegen 0.13/turn

%: acrobat
@: heroic
A: sickness immunity, AC +6, negative energy resistance 1, electricity
resistance, torment resistance 1, petrification resistance, claws 1, strong 1,
MP-powered wands
a: Renounce Religion


You were on level 7 of the Dungeon.
You worshipped Okawaru.
Okawaru was noncommittal.
You visited 2 branches of the dungeon, and saw 8 of its levels.

You collected 365 gold pieces.


Innate Abilities, Weirdness & Mutations

You are immune to sickness and miasma.
Your stone body is resilient. (AC +6)
You are immune to poison.
You resist negative energy. (rN+)
You are resistant to electric shocks. (rElec)
You are resistant to unholy torment.
You are immune to petrification.
You have sharp fingernails.
Your muscles are strong. (Str +4, Int/Dex -1)
You expend magic power (3 MP) to strengthen your wands.


   Skills:
 - Level 7.1(12.1) Fighting
 + Level 10.9(15.9) Ranged Weapons
 - Level 4.1(9.1) Armour
 - Level 2.0(7.0) Dodging
 - Level 1.1(6.1) Stealth
 - Level 4.0 Invocations


You had 8 spell levels left.
You didn't know any spells.
Your spell library was empty.

Inventory:

Hand Weapons
 k - a +0 orcbow (weapon)
Armour
 a - the +0 ring mail "Zajehe" {+Blink rC- Str+6 Stlth+}
   (You found it on level 2 of the Dungeon)

   Str+6:     It affects your strength (+6).
   rC-:       It makes you vulnerable to cold.
   +Blink:    It lets you blink.
   Stlth+:    It makes you more stealthy.
 c - a +0 pair of boots (worn)
 f - a +0 helmet (worn)
 i - a +0 cloak (worn)
 n - a +0 ring mail (worn)
 o - a +0 pair of gloves (worn)
Jewellery
 g - a +4 ring of slaying (left hand) {mikee}
 j - an amulet of the acrobat (around neck)
Scrolls
 h - 8 scrolls of identify
Potions
 b - 2 potions of mutation
 d - a potion of might
 e - a potion of enlightenment

Dungeon Overview and Level Annotations

Branches:
Dungeon (7/15)             Temple (1/1) D:4

Altars:
Ashenzari
Cheibriados
Dithmenos
Elyvilon
Fedhas
Gozag
Hepliaklqana
Kikubaaqudgha
Makhleb
Nemelex Xobeh
Okawaru
Qazlal
Ru
Sif Muna
Trog
Uskayaw
Vehumet
Wu Jian
Xom
Yredelemnul
Zin
The Shining One

Annotations:
D:4 1 runed translucent door, qw's ghost, amateur MiHs
D:6 exclusion: orc


Message History

The arrow hits the gargoyle but does no damage.
The gargoyle is lightly damaged.
You shoot an arrow. The arrow hits the gargoyle.
The gargoyle is lightly damaged.
The gargoyle hits you with a +1 mace of holy wrath!
You shoot an arrow.
The arrow hits the gargoyle but does no damage.
The gargoyle is lightly damaged.
The gargoyle hits you with a +1 mace of holy wrath!
You shoot an arrow.
The arrow hits the gargoyle but does no damage.
The gargoyle is lightly damaged.
The gargoyle hits you with a +1 mace of holy wrath!
6144 ||| INVOKING Heroism.
You gain the combat prowess of a mighty hero.
You can no longer gain great but temporary skills.
The gargoyle hits you but does no damage.
You shoot an arrow. The arrow hits the gargoyle.
The gargoyle is moderately damaged.
The gargoyle hits you with a +1 mace of holy wrath.
You shoot an arrow. The arrow hits the gargoyle.
The gargoyle is heavily damaged.
You shoot an arrow.
The arrow hits the gargoyle but does no damage.
The gargoyle is heavily damaged.
The gargoyle closely misses you.
You shoot an arrow.
The arrow hits the gargoyle but does no damage.
The gargoyle is heavily damaged.
The gargoyle hits you with a +1 mace of holy wrath!
You shoot an arrow.
The arrow hits the gargoyle but does no damage.
The gargoyle is heavily damaged.
The gargoyle hits you with a +1 mace of holy wrath.
You shoot an arrow.
The arrow completely misses the gargoyle.
You shoot an arrow. The arrow hits the gargoyle!
The gargoyle is severely damaged.
The gargoyle hits you with a +1 mace of holy wrath!
You die...

#. #.##
####..#####
..........#
........+
.... ..#
#9##..#
#.##.#@....#
#..........#
####.###.#.#
#.###.#.#
#...<...#
#####.###
#.# #.# #.#


You could see a gargoyle.

Vanquished Creatures
  Pikel (D:5)
  Grinder (D:6)
  Sigmund (D:6)
  Menkaure (D:5)
  An orc warrior (D:6)
  A black bear (D:6)
  2 ogres (D:5)
  2 centaurs (D:6)
  An elf zombie (D:6)
  2 elf skeletons (D:6)
  3 scorpions
  3 electric eels (D:6)
  3 hounds
  A jelly (D:4)
  3 orc priests
  2 gnoll boudas
  2 human zombies (D:6)
  Jessica (D:2)
  5 iguanas
  Natasha (twice) (D:2)
  4 orc wizards
  14 gnolls
  9 adders
  A white imp (D:5)
  An ufetubus (D:6)
  4 worms
  10 dart slugs
  23 orcs
  5 ball pythons
  6 endoplasms
  5 giant cockroaches
  7 goblins
  9 hobgoblins
  6 quokkas
  5 bats
  2 frilled lizards (D:1)
  11 kobolds
  An orc skeleton (D:6)
  22 rats
183 creatures vanquished.

Notes
Turn   | Place    | Note
-------+----------+-------------------------------------------
     0 | D:1      | qw the Gargoyle Hunter began the quest for the Orb.
     0 | D:1      | Reached XP level 1. HP: 12/12 MP: 1/1
     0 | D:1      | 0 ||| qw: Version: 0.3-a-76-g4403597
     0 | D:1      | 0 ||| qw: Game counter: 694
     0 | D:1      | 0 ||| qw: Melee chars always use a shield: true
     0 | D:1      | 0 ||| qw: God list: Okawaru
     0 | D:1      | 0 ||| qw: Allow faded altars: false
     0 | D:1      | 0 ||| qw: Do Orc after clearing Dungeon:15 true
     0 | D:1      | 0 ||| qw: Do second Lair branch before Depths: true
     0 | D:1      | 0 ||| qw: Lair rune preference: random
     0 | D:1      | 0 ||| qw: Goals: Normal
     0 | D:1      | 0 ||| PLANNING D:1-11
    37 | D:1      | 37 ||| Stepping ~*~*~tactically~*~*~ (water).
    75 | D:1      | Reached XP level 2. HP: 17/17 MP: 2/2
   394 | D:1      | 394 ||| Stepping ~*~*~tactically~*~*~ (outnumbered).
   401 | D:1      | Reached XP level 3. HP: 21/21 MP: 3/3
   414 | D:1      | Reached skill level 5 in Ranged Weapons
   885 | D:1      | 885 ||| Stepping ~*~*~tactically~*~*~ (water).
   909 | D:1      | 909 ||| UPGRADING to +4 ring of slaying {mikee}.
   910 | D:1      | 910 ||| READING 2 scrolls labelled APSYCY YNABB.
   911 | D:1      | 911 ||| READING scroll labelled GOMNUDIGRO.
   912 | D:1      | 912 ||| DRINKING 2 viscous silvery potions.
   913 | D:1      | 913 ||| DROPPING scroll of noise.
   914 | D:1      | 914 ||| DROPPING scroll of butterflies.
   979 | D:2      | Identified the +0 ring mail "Zajehe" {+Blink rC- Str+6
                  | Stlth+}
  1136 | D:2      | Reached skill level 3 in Fighting
  1151 | D:2      | Reached XP level 4. HP: 28/28 MP: 4/4
  1624 | D:2      | Noticed Jessica
  1631 | D:2      | Killed Jessica
  1666 | D:2      | Noticed Natasha
  1669 | D:2      | Killed Natasha
  1670 | D:2      | Reached XP level 5. HP: 32/32 MP: 5/5
  1794 | D:2      | 1794 ||| UPGRADING to +0 helmet.
  1799 | D:2      | 1799 ||| DRINKING 2 bubbling cyan potions.
  1799 | D:2      | Gained mutation: You expend magic power (3 MP) to
                  | strengthen your wands. [potion of mutation]
  1799 | D:2      | Gained mutation: Your muscles are strong. (Str +4, Int/Dex
                  | -1) [potion of mutation]
  1799 | D:2      | Gained mutation: You have sharp fingernails. [potion of
                  | mutation]
  1831 | D:2      | Noticed Natasha
  1833 | D:2      | Killed Natasha
  1834 | D:2      | Reached skill level 6 in Ranged Weapons
  1850 | D:3      | 1850 ||| STAIRDANCE
  1873 | D:3      | Reached skill level 1 in Armour
  2126 | D:3      | Found a faded altar of an unknown god.
  2165 | D:3      | Reached XP level 6. HP: 38/38 MP: 6/6
  2326 | D:3      | 2326 ||| UPGRADING to +0 ring mail.
  2336 | D:3      | 2336 ||| DROPPING +0 leather armour.
  2337 | D:3      | 2337 ||| UPGRADING to +0 pair of gloves.
  2342 | D:3      | 2342 ||| UPGRADING to amulet of the acrobat.
  2347 | D:3      | 2347 ||| READING scroll labelled UHAGEO FAAHYH.
  2348 | D:3      | 2348 ||| READING scroll labelled LIZXAD HOECON.
  2349 | D:3      | 2349 ||| READING scroll labelled SOUJALITAE.
  2350 | D:3      | 2350 ||| DRINKING 2 fizzy grey potions.
  2351 | D:3      | 2351 ||| DROPPING potion of attraction.
  2541 | D:4      | Found a runed translucent door.
  2541 | D:4      | Noticed qw's ghost (amateur MiHs)
  2582 | D:4      | Reached skill level 7 in Ranged Weapons
  2590 | D:4      | Found a staircase to the Ecumenical Temple.
  2591 | D:4      | 2591 ||| PLANNING TEMPLE
  2591 | D:4      | 2591 ||| UPGRADING to +0 pair of boots.
  2596 | D:4      | 2596 ||| READING scroll labelled BOGRAC WOQI.
  2597 | D:4      | 2597 ||| DRINKING 2 metallic silvery potions.
  2643 | D:4      | 2643 ||| DROPPING potion of lignification.
  2652 | Temple   | Entered the Ecumenical Temple
  2653 | Temple   | 2653 ||| PLANNING OKAWARU WORSHIP
  2688 | Temple   | Became a worshipper of Warmaster Okawaru
  2689 | Temple   | 2689 ||| PLANNING D:1-11
  2856 | D:4      | 2856 ||| Stepping ~*~*~tactically~*~*~ (outnumbered).
  2858 | D:4      | 2858 ||| Stepping ~*~*~tactically~*~*~ (outnumbered).
  3006 | D:4      | Reached XP level 7. HP: 43/43 MP: 7/7
  3178 | D:4      | 3178 ||| READING 3 scrolls of identify.
  3178 | D:4      | 3178 ||| IDENTIFYING metallic puce potion
  3179 | D:4      | 3179 ||| READING 2 scrolls of identify.
  3179 | D:4      | 3179 ||| IDENTIFYING fuming emerald potion
  3180 | D:4      | 3180 ||| DROPPING potion of ambrosia.
  3209 | D:5      | Entered Level 5 of the Dungeon
  3243 | D:5      | 3243 ||| Stepping ~*~*~tactically~*~*~ (outnumbered).
  3282 | D:5      | Noticed Menkaure
  3287 | D:5      | 3287 ||| STAIRDANCE
  3374 | D:4      | 3374 ||| UPGRADING to +0 cloak.
  3442 | D:5      | 3442 ||| Stepping ~*~*~tactically~*~*~ (outnumbered).
  3447 | D:5      | Reached skill level 8 in Ranged Weapons
  3454 | D:5      | Killed Menkaure
  3515 | D:5      | Reached * piety under Okawaru
  3579 | D:5      | 3579 ||| INVOKING Heroism.
  3583 | D:5      | Reached skill level 3 in Armour
  3583 | D:5      | Reached XP level 8. HP: 49/49 MP: 5/8
  3748 | D:5      | Noticed Pikel
  3749 | D:5      | 3749 ||| RETREATING.
  3752 | D:5      | 3752 ||| INVOKING Heroism.
  3766 | D:5      | Killed Pikel
  3767 | D:5      | Reached skill level 9 in Ranged Weapons
  3812 | D:5      | 3812 ||| INVOKING Heroism.
  3817 | D:5      | Reached skill level 1 in Invocations
  3973 | D:5      | 3973 ||| FLEEEEING.
  4144 | D:6      | 4144 ||| PLANNING OSSUARY
  4158 | D:6      | 4158 ||| INVOKING Heroism.
  4164 | D:6      | Reached XP level 9. HP: 43/55 MP: 7/11
  4217 | D:6      | 4217 ||| SWAPPING to +0 orcbow.
  4218 | D:6      | 4218 ||| DROPPING +1 shortbow.
  4241 | D:6      | Reached skill level 3 in Invocations
  4277 | D:6      | 4277 ||| INVOKING Heroism.
  4293 | D:6      | Reached skill level 6 in Fighting
  4407 | D:6      | Noticed Grinder
  4408 | D:6      | 4408 ||| INVOKING Heroism.
  4413 | D:6      | Paralysed by Grinder for 3 turns
  4423 | D:6      | Killed Grinder
  4521 | D:6      | Reached skill level 10 in Ranged Weapons
  4523 | D:6      | 4523 ||| INVOKING Heroism.
  4704 | D:6      | Noticed Sigmund
  4705 | D:6      | 4705 ||| INVOKING Heroism.
  4708 | D:6      | Killed Sigmund
  4765 | D:6      | 4765 ||| INVOKING Heroism.
  4781 | D:6      | 4781 ||| RIP OSSUARY
  4785 | D:6      | 4785 ||| PLANNING D:1-11
  4837 | D:6      | 4837 ||| INVOKING Heroism.
  4889 | D:6      | 4889 ||| INVOKING Heroism.
  4914 | D:6      | 4914 ||| INVOKING Heroism.
  4916 | D:6      | HP: 10/57 [orc priest/divine providence (10)]
  4929 | D:6      | 4929 ||| Stepping randomly (disturbance).
  4930 | D:6      | 4930 ||| Stepping randomly (disturbance).
  5096 | D:6      | Found a glowing golden altar of the Shining One.
  5141 | D:6      | 5141 ||| INVOKING Heroism.
  5232 | D:6      | 5232 ||| INVOKING Heroism.
  6136 | D:7      | Noticed a gargoyle
  6144 | D:7      | 6144 ||| INVOKING Heroism.
  6149 | D:7      | HP: 13/57 [gargoyle/+1 mace of holy wrath (4)]
  6151 | D:7      | Slain by a gargoyle

Levels and vault maps discovered:
D:1:      ldierk_walled_garden, layout_basic, serial_bayou, serial_bayou_pond_d,
          serial_bayou_shore_a, serial_bayou_ford_a, serial_bayou_pond_b,
          serial_bayou_lake_a, serial_bayou_lagoon_a
D:2:      layout_basic, uniq_natasha, uniq_jessica
D:3:      layout_rooms, shapermc_ecumenical_altar_venn
D:4:      layout_basic, minmay_temple_entry_glass,
          hellmonk_ghost_happy_afterlife, minivault_1, minmay_rat_hole
D:5:      layout_loops_ring, chequers_serial_rivers_micro_b, uniq_menkaure,
          uniq_pikel
D:6:      kennysheep_slugbush, layout_layer_cave, tso_metal_star,
          nicolae_ossuary_entry_catacombs, kennysheep_generic_room_5,
          uniq_sigmund, uniq_grinder
D:7:      layout_loops_corners, enter_bailey_2, uniq_jeremiah,
          uniq_crazy_yiuf_cottage
Temple:   minmay_crystal_snake_temple

Skill      XL: |  1  2  3  4  5  6  7  8  9 |
---------------+----------------------------+-----
Ranged Weapons | 5 6 7 8 9 10 | 10.9
Fighting       | 3 4 5 7 |  7.1
Armour         | 1 2 3 4 |  4.1
Dodging        | 2 |  2.0
Invocations    | 2 4 |  4.0
Stealth        | |  1.1

Action                     |  1- 3 |  4- 6 |  7- 9 || total
---------------------------+-------+-------+-------++-------
   Fire: Shortbow          |   121 |   204 |   136 ||   461
         Orcbow            |       |       |   177 ||   177
 Invoke: Heroism           |       |       |    15 ||    15
    Use: Scroll            |     2 |     4 |     2 ||     8
         Potion            |     1 |     3 |       ||     4
 Armour: Leather armour    |    36 |     5 |       ||    41
         Ring mail         |       |    66 |   125 ||   191
  Dodge: Dodged            |    37 |    50 |    86 ||   173

Table legend:
 A = Non-vault XP
 B = Vault XP
 C = Vault XP percentage of total XP
 D = Non-vault monster count
 E = Vault monster count
 F = Vault count percentage of total count
                 A         B        C        D         E       F
            +---------+---------+-------+---------+---------+-------
      Total |    2120 |    2068 |  49.4 |     137 |      46 |  25.1
            +---------+---------+-------+---------+---------+-------
        D:1 |      43 |      13 |  23.2 |      24 |       7 |  22.6
        D:2 |      81 |      72 |  47.1 |      17 |       2 |  10.5
        D:3 |     127 |       0 |   0.0 |      20 |       0 |   0.0
        D:4 |     315 |      20 |   6.0 |      24 |      19 |  44.2
        D:5 |     734 |     816 |  52.6 |      28 |       2 |   6.7
        D:6 |     820 |    1147 |  58.3 |      24 |      16 |  40.0
            +---------+---------+-------+---------+---------+-------
